 Dungeon Crawl Stone Soup version 0.24.0-1-gfbc8707122 (webtiles) character file.

Game seed: 3851694239193655357, levelgen mode: deterministic

573 MTVSty1e the Cudgeler (level 7, -2/45 HPs)
             Began as a Gargoyle Fighter on Oct 28, 2019.
             Was an Initiate of Okawaru.
             Slain by an ogre
             ... wielding a cursed -2 giant club
              (12 damage)
             ... on level 3 of the Dungeon.
             The game lasted 00:04:14 (4020 turns).

MTVSty1e the Cudgeler (Gargoyle Fighter)            Turns: 4020, Time: 00:04:15

Health: -2/45      AC: 12    Str: 20    XL:     7   Next: 34%
Magic:  7/7        EV:  7    Int:  8    God:    Okawaru [......]
Gold:   184        SH:  9    Dex:  9    Spells: 6/6 levels left

rFire    . . .     SeeInvis +   a - +0 flail
rCold    . . .     Gourm    .   c - +0 shield
rNeg     + . .     Faith    .   b - +0 scale mail
rPois    ∞         Spirit   .   q - +0 helmet
rElec    +         Reflect  .   (no cloak)
rCorr    +         Harm     .   (no gloves)
MR       .....                  (no boots)
Stlth    ..........             (no amulet)
HPRegen  0.15/turn              t - ring of resist corrosion
MPRegen  0.10/turn              (no ring)

@: flying
A: see invisible, negative energy resistance 1, electricity resistance, weak 1,
unbreathing, petrification resistance, rot immunity, AC +4
a: Renounce Religion


You were on level 3 of the Dungeon.
You worshipped Okawaru.
Okawaru was noncommittal.
You were not hungry.

You visited 1 branch of the dungeon, and saw 4 of its levels.

You collected 184 gold pieces.

Inventory:

Hand Weapons
 a - a +0 flail (weapon)
Armour
 b - a +0 scale mail (worn)
 c - a +0 shield (worn)
 q - a +0 helmet (worn)
Jewellery
 t - a ring of resist corrosion (left hand)
Wands
 s - a wand of paralysis (7)
Scrolls
 e - a scroll of fear {unknown}
 h - 2 scrolls of remove curse {unknown}
 j - a scroll of magic mapping {unknown}
 m - 4 scrolls of identify {unknown}
 n - 2 scrolls of amnesia {unknown}
 o - a scroll of blinking {unknown}
 r - a scroll of noise {unknown}
 u - a scroll of immolation {unknown}
 w - 2 scrolls of enchant weapon {unknown}
Potions
 i - a potion of ambrosia {unknown}
 k - a potion of brilliance {unknown}
 l - 2 potions of flight
 p - 2 potions of berserk rage {unknown}
 v - a potion of heal wounds {unknown}
 x - 2 potions of agility {unknown}
 A - a potion of degeneration {unknown}
Comestibles
 f - a ration


   Skills:
 + Level 5.8 Fighting
 * Level 6.5 Maces & Flails
 - Level 3.2 Armour
 - Level 3.2 Shields


You had 6 spell levels left.
You didn't know any spells.
Your spell library contained the following spells:

 Spells                   Type           Power        Failure   Level  Hunger
 Animate Skeleton         Necr           N/A          99%         1    ##.....
 Apportation              Tloc           #.....       99%         1    ##.....
 Confusing Touch          Hex            #.....       99%         1    ##.....
 Summon Small Mammal      Summ           #...         99%         1    ##.....


Dungeon Overview and Level Annotations

Branches:
Dungeon (4/15)
 Temple: D:4-7

Altars:
Cheibriados
Elyvilon
Okawaru
Zin

Annotations:
D:3 1 runed translucent door


Innate Abilities, Weirdness & Mutations

You are resistant to torment.
Your stone body is resilient. (AC +4)
You are immune to poison.
You resist negative energy. (rN+)
You are resistant to electric shocks. (rElec)
You can survive without breathing.
You are immune to petrification.
You are immune to rotting.
You have supernaturally acute eyesight. (SInv)
You are weak. (Str -2)


Message History

You are too injured to fight recklessly!
You are too injured to fight recklessly!
Okay, then.
A quokka skeleton comes into view.
There is a stone staircase leading up here.
The ogre hits you with a cursed -2 giant club!
* * * LOW HITPOINT WARNING * * *
You climb upwards.
Level annotation: 1 runed translucent door
There is a stone staircase leading down here.
Unknown command.
It was a potion of magic.
Magic courses through your body. The ogre hits you but does no damage.
It was a potion of mutation.
You feel extremely strange.
You feel weaker.
Your vision sharpens.
It was a potion of flight.
You feel very buoyant.
You fly up into the air.
The ogre hits you with a cursed -2 giant club!
You die...

######.###.......# ....##.#
#.##...## ###### .......#
#.##.#.############.....
......####..................†....
[...........##..############..)..
......#####.##..## ####.# ..†)..#
#.##...# #...# .†....# #.##.#.#
#.### .....### #.##.#@# ##.#
.......# #.##.#O# ##..#
###(.#.####..#...### #..##
##.....###.###...#### #.###
#####..##.# ###....#####.#.#
#..##.# ###......†...# #..##.###
###.#........# #####......#
#......###(.##
##...##...^####.....##>##..##


You could see an ogre.

Vanquished Creatures
  Sigmund (D:2)
  An ogre (D:4)
  A crimson imp (D:3)
  A jelly (D:3)
  A hound (D:4)
  An iguana (D:4)
  A worker ant (D:4)
  Robin (D:3)
  A gnoll (D:1)
  6 adders
  2 dart slugs
  4 leopard geckos
  8 orcs
  6 giant cockroaches
  16 goblins
  14 hobgoblins
  5 jackals
  10 kobolds
  2 quokkas
  A ball python (D:1)
  6 bats
  2 frilled lizards
  A jackal skeleton (D:4)
  A quokka skeleton (D:4)
  10 rats
103 creatures vanquished.

Vanquished Creatures (others)
  A goblin (D:3)
1 creature vanquished.

Grand Total: 104 creatures vanquished

Notes
Turn   | Place    | Note
-------+----------+-------------------------------------------
     0 | D:1      | MTVSty1e the Gargoyle Fighter began the quest for the Orb.
     0 | D:1      | Reached XP level 1. HP: 14/14 MP: 1/1
   178 | D:1      | Reached XP level 2. HP: 12/19 MP: 2/2
   197 | D:1      | Reached skill level 3 in Maces & Flails
   494 | D:1      | Reached XP level 3. HP: 24/24 MP: 3/3
  1440 | D:2      | Reached XP level 4. HP: 29/29 MP: 4/4
  1455 | D:2      | Noticed Sigmund
  1479 | D:2      | Killed Sigmund
  1479 | D:2      | Reached skill level 5 in Maces & Flails
  1479 | D:2      | Reached XP level 5. HP: 15/34 MP: 5/5
  1569 | D:2      | Reached XP level 6. HP: 29/40 MP: 6/6
  2495 | D:3      | Reached skill level 5 in Fighting
  2498 | D:3      | Noticed Robin
  2852 | D:3      | Killed Robin
  3075 | D:3      | Found a runed translucent door.
  3090 | D:3      | Found a glowing silver altar of Zin.
  3090 | D:3      | Noticed an angel
  3194 | D:3      | Found a white marble altar of Elyvilon.
  3249 | D:4      | Found a snail-covered altar of Cheibriados.
  3349 | D:4      | Reached skill level 6 in Maces & Flails
  3439 | D:4      | Reached XP level 7. HP: 29/44 MP: 7/7
  3713 | D:4      | Found an iron altar of Okawaru.
  3744 | D:4      | Became a worshipper of Warmaster Okawaru
  4019 | D:3      | Gained mutation: You are weak. (Str -2) [potion of
                  | mutation]
  4019 | D:3      | Gained mutation: You have supernaturally acute eyesight.
                  | (SInv) [potion of mutation]
  4020 | D:3      | Slain by an ogre

Levels and vault maps discovered:
D:1:      shiori_arrival_maze, layout_basic, minmay_misc_feat_five
D:2:      layout_basic, uniq_sigmund
D:3:      layout_rooms, elyvilon_altar_4, lemuel_angel_altar, uniq_robin
D:4:      layout_loops_ring, lemuel_crystal_altar, nicolae_ru_path_of_blood,
          grunt_qazlal_clouds, cheibriados_altar_1, first_ration

Skill      XL: |  1  2  3  4  5  6 |
---------------+-------------------+-----
Maces & Flails | 3 5 6 |  6.5
Fighting       | 4 5 |  5.8
Armour         | |  3.2
Shields        | |  3.2

Action                   |  1- 3 |  4- 6 |  7- 9 || total
-------------------------+-------+-------+-------++-------
Melee: Flail             |   124 |   288 |    39 ||   451
  Use: Potion            |       |     1 |     3 ||     4
  Eat: Chunk             |     1 |     4 |     2 ||     7
       Ration            |       |     1 |       ||     1
Armor: Scale mail        |    62 |   230 |    21 ||   313
Dodge: Dodged            |    43 |   143 |     8 ||   194
Block: Shield            |    54 |   204 |    11 ||   269
